 Dungeon Crawl Stone Soup version 0.24.0-13-gcf9b3192b9 (webtiles) character file.

Game seed: 9196695285880454167, levelgen mode: deterministic

149615 murderhobo the Fighter (level 16, -9/129 HPs)
             Began as a Mummy Wanderer on Nov 7, 2019.
             Was the Champion of Ashenzari.
             Mangled by an iron troll simulacrum (18 damage)
             ... in an ice cave.
             The game lasted 01:51:36 (30602 turns).

murderhobo the Fighter (Mummy Wanderer)            Turns: 30602, Time: 01:51:36

Health: -9/129     AC: 31    Str: 23    XL:     16   Next: 96%
Magic:  32/32      EV: 15    Int: 10    God:    Ashenzari [******]
Gold:   1786       SH:  9    Dex: 12    Spells: 15/15 levels left

rFire    . . .     SeeInvis +   a - +7 hand crossbow of Atte Exo {velocity, MP+9}
rCold    + . .     Gourm    .   O - +2 buckler "Qafesooq" {Regen+} (curse)
rNeg     + + +     Faith    .   N - +4 plate armour {rF+} (curse)
rPois    ∞         Spirit   .   m - +0 helmet (curse)
rElec    .         Reflect  .   i - +1 cloak (curse)
rCorr    .         Harm     .   F - +0 pair of gloves (curse)
MR       ++...     Clarity  +   (no boots)
Stlth    ..........             (no amulet)
HPRegen  0.71/turn              e - +4 ring of evasion (curse)
MPRegen  0.23/turn              p - +5 ring of protection (curse)

@: no status effects
A: no food or potions, fire vulnerability, cold resistance 1, negative energy
resistance 3, torment resistance, unbreathing, in touch with death 1
a: Curse Item, Scrying, Transfer Knowledge, Renounce Religion


You were in an ice cave.
You worshipped Ashenzari.
Ashenzari was exalted by your worship.
You were not hungry.

You visited 6 branches of the dungeon, and saw 29 of its levels.
You visited the Abyss 1 time.
You also visited: Bailey and Ice Cave.

You collected 4108 gold pieces.
You spent 2322 gold pieces at shops.

Inventory:

Hand Weapons
 a - the +7 hand crossbow of Atte Exo (weapon) {velocity, MP+9}
   (You bought it in a shop on level 6 of the Dungeon)

   Any bolt fired from it inflicts extra damage.
   It affects your magic capacity (+9).
 b - a +8 scimitar of freezing
 u - a +0 arbalest
 J - a +0 short sword of draining
Missiles
 A - 2 throwing nets
 D - 10 javelins
 M - 75 bolts (quivered)
 T - 3 silver javelins
Armour
 i - a cursed +1 cloak (worn)
 m - a cursed +0 helmet (worn)
 F - a cursed +0 pair of gloves (worn)
 G - a +4 chain mail of cold resistance
 N - a cursed +4 plate armour of fire resistance (worn)
 O - the cursed +2 buckler "Qafesooq" (worn) {Regen+}
   (You found it on level 2 of the Abyss)

   It increases your rate of regeneration.
   It has a curse placed upon it.
 V - a +2 robe of the Archmagi
Jewellery
 e - a cursed +4 ring of evasion (left hand)
 h - an uncursed ring of protection from magic
 p - a cursed +5 ring of protection (right hand)
 t - an uncursed amulet of faith
 w - an uncursed ring of ice
 x - a +5 ring of intelligence
 y - an uncursed ring of stealth
 E - an uncursed ring of flight
 P - a +5 ring of strength
 R - a +4 ring of evasion
 S - a cursed ring of teleportation
Wands
 k - a wand of random effects (43)
 l - a wand of scattershot (5)
 s - a wand of clouds (6)
 B - a wand of flame (98)
 I - a wand of polymorph (7)
 K - a wand of enslavement (7)
 L - a wand of disintegration (20)
Scrolls
 c - a scroll of summoning
 d - 9 scrolls of teleportation
 g - 10 scrolls of magic mapping
 j - a scroll of blinking
 n - 15 scrolls of identify
 o - 4 scrolls of immolation
 q - 5 scrolls of amnesia
 r - 2 scrolls of brand weapon
 v - 3 scrolls of fog
Potions
 C - a potion of heal wounds {unknown}
Miscellaneous
 f - a fan of gales (inert)
 z - a lightning rod (4/4)
 Q - a phantom mirror
 U - 2 sacks of spiders


   Skills:
 + Level 12.4 Fighting
 * Level 11.9 Long Blades
   Level 1.5 Axes
 - Level 10.0 Crossbows
 - Level 1.0 Throwing
 + Level 9.6(13.9) Armour
 + Level 9.5 Dodging
 + Level 9.7(12.5) Shields
 + Level 10.1(12.9) Evocations


You had 15 spell levels left.
You didn't know any spells.
Your spell library contained the following spells:

 Spells                   Type           Power        Failure   Level  Hunger
 Apportation              Tloc           #.....       97%         1    N/A
 Corona                   Hex            #......      97%         1    N/A
 Freeze                   Ice            #...         97%         1    N/A
 Magic Dart               Conj           #...         97%         1    N/A
 Shock                    Conj/Air       #...         97%         1    N/A
 Summon Butterflies       Summ           #.......     97%         1    N/A
 Blink                    Tloc           N/A          99%         2    N/A
 Call Imp                 Summ           #.......     99%         2    N/A
 Ensorcelled Hibernation  Hex/Ice        #.....       99%         2    N/A
 Slow                     Hex            #.......     99%         2    N/A
 Sticks to Snakes         Tmut           #.......     99%         2    N/A
 Swiftness                Chrm/Air       #.......     99%         2    N/A
 Throw Frost              Conj/Ice       #.....       99%         2    N/A
 Confuse                  Hex            #.......     100%        3    N/A
 Conjure Flame            Conj/Fire      #.......     100%        3    N/A
 Dazzling Spray           Conj/Hex       #.....       100%        3    N/A
 Lesser Beckoning         Tloc           #.........   100%        3    N/A
 Mephitic Cloud           Conj/Pois/Air  #.......     100%        3    N/A
 Ozocubu's Armour         Chrm/Ice       #.......     100%        3    N/A
 Static Discharge         Conj/Air       #.......     100%        3    N/A
 Tukima's Dance           Hex            #.......     100%        3    N/A
 Airstrike                Air            #.........   100%        4    N/A
 Leda's Liquefaction      Hex/Erth       #.........   100%        4    N/A
 Petrify                  Tmut/Erth      #.......     100%        4    N/A
 Summon Ice Beast         Ice/Summ       #.......     100%        4    N/A
 Throw Icicle             Conj/Ice       #.......     100%        4    N/A
 Alistair's Intoxication  Tmut/Pois      #.......     100%        5    N/A
 Lee's Rapid Deconstruct  Erth           #.........   100%        5    N/A
 Lightning Bolt           Conj/Air       #.........   100%        5    N/A
 Invisibility             Hex            #.......     100%        6    N/A
 Beastly Appendage        Tmut           Unusable     N/A         1    N/A
 Spider Form              Tmut/Pois      Unusable     N/A         3    N/A
 Ice Form                 Ice/Tmut       Unusable     N/A         4    N/A
 Blade Hands              Tmut           Unusable     N/A         5    N/A
 Statue Form              Tmut/Erth      Unusable     N/A         6    N/A

Dungeon Overview and Level Annotations

Branches:
Dungeon (15/15)            Temple (1/1) D:4            Lair (6/6) D:8
 Shoals (0/4) Lair:3       Spider (4/4) Lair:3        Slime (0/5) Lair:6
    Orc (2/2) D:9             Elf (0/3) Orc:2        Vaults (0/5) D:14
 Depths (1/5) D:15         Bailey (visited)           IceCv (1/1)

Altars:
Ashenzari
Cheibriados
Dithmenos
Elyvilon
Fedhas
Gozag
Hepliaklqana
Kikubaaqudgha
Makhleb
Nemelex Xobeh
Okawaru
Qazlal
Ru
Sif Muna
Trog
Uskayaw
Vehumet
Wu Jian
Xom
Yredelemnul
Zin
The Shining One
Beogh
Jiyva

Shops:
D:5 [   D:6 (   Orc:2 %***

Annotations:
D:6 1 transporter
D:14 3 runed translucent doors, Ficoysum's ghost, journeyman GnWn
Lair:1 exclusion: oklob plant
Lair:6 1 runed translucent door


Innate Abilities, Weirdness & Mutations

You do not eat or drink.
Your flesh is vulnerable to fire.
You are immune to poison.
Your flesh is cold resistant. (rC+)
You are immune to negative energy. (rN+++)
You are immune to unholy pain and torment.
You can survive without breathing.
You are in touch with the powers of death.


Message History

Evoke which item? (* to show all) (? for menu, Esc to quit)
Aiming: Throw Flame
Press: ? - help, Shift-Dir - straight line, f/p - iron troll simulacrum
Aim: an iron troll simulacrum (almost destroyed)
The puff of flame hits the iron troll simulacrum but does no damage.
The iron troll simulacrum is almost destroyed.
Evoke which item? (* to show all) (? for menu, Esc to quit)
Aiming: Throw Flame
Press: ? - help, Shift-Dir - straight line, f/p - iron troll simulacrum
Aim: an iron troll simulacrum (almost destroyed)
The puff of flame hits the iron troll simulacrum but does no damage.
The iron troll simulacrum is almost destroyed.
The iron troll simulacrum bites you! The iron troll simulacrum freezes you!!
You resist.
* * * LOW HITPOINT WARNING * * *
You block the iron troll simulacrum's attack.
The iron troll simulacrum claws you!
* * * LOW HITPOINT WARNING * * *
The iron troll simulacrum freezes you!! You resist.
You die...

##.## ∆∆
######...##...###
**∆ #.#.## ∆∆
#.#...##...##...###
∆ ##)#.####
#..##########....###
####...#####..#* *
##.....#.#
##....#...#..### ≈
##.....#*
#..######..### ≈≈*≈*
##...####* .### ≈*
####≈ * *
*####...##* ≈≈ ##
≈≈*≈* ≈
*#######....###* ≈≈
##** ≈≈ ≈≈
####Z@..#...### ≈
≈*≈ .#*≈ ≈≈
##.ZZ##....### * ###
≈≈ #.(######### **
*** * ..## ≈≈*##..Z#
*≈≈≈≈* ,, * * #..#
*≈ ##...Z#* ≈ , * ,
..### ≈≈ **#....# *
,*, *,, ##..## **≈≈
##.Z.Z ** * , ,
###..# ≈ ** #Z.Z, *
, **, ≈###.# * ≈≈
*##Z , *,, ** ,


You could see a golden dragon simulacrum, a troll simulacrum and an iron troll
simulacrum.

Vanquished Creatures
  Saint Roka (Orc:1)
  Arachne (Spider:2)
  Roxanne (D:15)
  3 ghost moths
  2 orc warlords
  Louise (D:15)
  5 entropy weavers
  A spark wasp (Spider:2)
  Josephine (D:12)
  A great orb of eyes (shapeshifter) (D:15)
  4 hydras
  2 vault guards (D:14)
  An ice dragon (Lair:6)
  Erolcha (D:11)
  2 two-headed ogres
  A centaur warrior (D:15)
  A queen ant (Spider:1)
  6 death yaks (Lair:6)
  3 orc high priests (Orc:2)
  A glowing orange brain (D:15)
  3 unseen horrors
  3 wizards
  2 lindwurms (Lair:6)
  4 deep elf magi
  21 wolf spiders
  2 necromancers
  The ghost of Oravi the Sneak, a novice VSHu of Uskayaw (D:10)
  7 orc sorcerers
  6 orc knights
  11 orb spiders
  A manticore (Lair:3)
  2 cyclopes
  16 ugly things
  3 moths of wrath
  8 black mambas
  An ice statue (IceCv)
  7 torpor snails
  12 spiny frogs
  3 centaur skeletons
  2 gargoyles
  5 komodo dragons
  2 rime drakes
  A kobold demonologist (D:15)
  A yaktaur (D:14)
  5 freezing wraiths
  11 demonic crawlers
  3 ice devils (IceCv)
  4 anaconda simulacra (IceCv)
  The ghost of Elizilla the Ruffian, an amateur TrMo of Qazlal (D:3)
  9 jumping spiders
  9 hornets
  7 tyrant leeches
  8 trolls
  5 dream sheep (Lair:6)
  9 polar bears (Lair:6)
  12 blink frogs
  9 hippogriffs
  2 raiju (Lair:6)
  7 slime creatures
  2 shadows
  14 tarantellas
  44 redbacks
  A vampire (D:15)
  45 yaks
  A human (shapeshifter) (D:15)
  9 wraiths
  3 wyverns
  19 humans (D:14)
  5 basilisks
  Grum (D:10)
  2 hungry ghosts
  6 vampire mosquitoes
  An iron troll simulacrum (IceCv)
  Menkaure (D:6)
  10 wargs
  4 harpy simulacra (IceCv)
  2 hydra simulacra (IceCv)
  2 acid dragons
  23 soldier ants
  13 hell hounds (Lair:6)
  7 porcupines
  12 water moccasins
  40 orc warriors
  2 sky beasts
  3 phantoms
  A hornet zombie (D:12)
  8 ice beasts
  An eye of draining (D:15)
  13 black bears
  An alligator simulacrum (IceCv)
  13 centaurs
  A necrophage (D:10)
  19 wolves
  4 ogres
  2 wolves (shapeshifter) (D:15)
  4 crocodiles
  3 big kobolds
  14 bullfrogs
  4 earth elementals (Spider:2)
  A wyvern zombie (D:14)
  A water moccasin skeleton (D:10)
  4 scorpions
  An elephant simulacrum (IceCv)
  4 killer bees (D:11)
  12 wights
  An electric eel (Spider:1)
  3 howler monkeys (D:8)
  8 crimson imps
  2 quasits
  3 draconian simulacra (IceCv)
  4 hounds
  3 centaur zombies
  4 jellies
  22 orc priests
  38 orc wizards
  A bullfrog skeleton (D:10)
  4 iguanas
  6 hell rats (Lair:4)
  2 troll simulacra (IceCv)
  3 yak simulacra (Lair:3)
  2 polar bear simulacra (Lair:3)
  27 worker ants
  3 spriggan simulacra (IceCv)
  3 wolf simulacra (Lair:3)
  A centaur simulacrum (IceCv)
  2 hound skeletons
  2 worker ant zombies
  Robin (D:3)
  11 gnolls
  18 adders
  A naga simulacrum (IceCv)
  An ogre simulacrum (IceCv)
  A shadow imp (D:12)
  5 white imps (IceCv)
  9 ufetubi (IceCv)
  2 oozes
  An adder skeleton (D:4)
  4 worms
  7 dart slugs
  7 leopard geckos
  98 orcs
  4 ball pythons
  5 bats
  8 giant cockroaches
  18 goblins
  14 hobgoblins
  13 jackals
  4 quokkas
  5 frilled lizards
  A jackal skeleton (D:4)
  24 kobolds
  11 rats
  3 river rat simulacra (Lair:3)
  A plant (Lair:6)
1068 creatures vanquished.

Vanquished Creatures (collateral kills)
  Jorgrun (D:15)
  A gargoyle (D:15)
  A hornet (Lair:6)
  2 orcs
  A plant (Lair:6)
6 creatures vanquished.

Vanquished Creatures (others)
  An orc wizard (D:15)
  6 fungi
  28 plants
35 creatures vanquished.

Grand Total: 1109 creatures vanquished

Notes
Turn   | Place    | Note
-------+----------+-------------------------------------------
     0 | D:1      | murderhobo the Mummy Wanderer began the quest for the Orb.
     0 | D:1      | murderhobo set off with the following items: a +2 hand
                  | crossbow, 30 bolts, a +0 ring mail, a scroll of
                  | teleportation
     0 | D:1      | Reached XP level 1. HP: 16/16 MP: 1/1
   102 | D:1      | Reached XP level 2. HP: 23/23 MP: 2/2
   681 | D:2      | Reached XP level 3. HP: 28/28 MP: 3/3
   684 | D:2      | Reached skill level 3 in Fighting
  1023 | D:2      | Reached XP level 4. HP: 31/35 MP: 4/4
  1148 | D:3      | Found a runed translucent gate.
  1148 | D:3      | Found a runed translucent gate.
  1149 | D:3      | Found a runed translucent gate.
  1150 | D:3      | Noticed Elizilla's ghost (amateur TrMo)
  1152 | D:3      | Noticed a bullfrog
  1663 | D:3      | Noticed Robin
  1668 | D:3      | Reached XP level 5. HP: 42/42 MP: 5/5
  1676 | D:3      | Killed Robin
  2191 | D:4      | Found a staircase to the Ecumenical Temple.
  2236 | D:4      | Reached skill level 4 in Fighting
  2256 | Temple   | Entered the Ecumenical Temple
  2277 | Temple   | Became a worshipper of Ashenzari the Shackled
  2629 | D:4      | Reached XP level 6. HP: 48/48 MP: 7/7
  2793 | D:5      | Entered Level 5 of the Dungeon
  2847 | D:5      | Found Afuyh's Armour Shoppe.
  3113 | D:5      | Reached * piety under Ashenzari
  3114 | D:5      | Noticed an ice beast
  3127 | D:5      | Reached XP level 7. HP: 38/55 MP: 8/8
  3134 | D:5      | Reached skill level 5 in Crossbows
  3495 | D:6      | Found a blossoming altar of Fedhas.
  3496 | D:6      | Found an ancient bone altar of Kikubaaqudgha.
  3595 | D:6      | Noticed Menkaure
  3599 | D:6      | Killed Menkaure
  3599 | D:6      | Reached skill level 5 in Fighting
  3613 | D:6      | Found Bohillo's Antique Weapon Boutique.
  3722 | D:6      | Found a sparkling altar of Nemelex Xobeh.
  3722 | D:6      | Found a transporter.
  3722 | D:6      | Noticed a white ugly thing
  4318 | D:6      | Bought an ichor-stained hand crossbow for 246 gold pieces
  4318 | D:6      | Identified the +7 hand crossbow of Atte Exo {velocity,
                  | MP+9} (You bought it in a shop on level 6 of the Dungeon)
  4345 | D:7      | Reached XP level 8. HP: 62/62 MP: 10/10
  4791 | D:7      | Reached skill level 6 in Fighting
  5042 | D:7      | Found a snail-covered altar of Cheibriados.
  5048 | D:7      | Found an iron altar of Okawaru.
  5048 | D:7      | Found a white marble altar of Elyvilon.
  5059 | D:7      | Found a sparkling altar of Nemelex Xobeh.
  5063 | D:7      | Found a burning altar of Makhleb.
  5310 | D:8      | Reached XP level 9. HP: 71/71 MP: 12/12
  5401 | D:8      | Found a staircase to the Lair.
  5504 | D:8      | Found an ancient bone altar of Kikubaaqudgha.
  5722 | D:8      | Reached ** piety under Ashenzari
  5818 | D:8      | Reached skill level 7 in Fighting
  6180 | D:9      | Found a flagged portal.
  6199 | Bailey   | Entered a bailey
  6314 | Bailey   | Reached skill level 5 in Evocations
  6564 | Bailey   | Found a bloodstained altar of Trog.
  6703 | D:9      | Reached skill level 1 in Shields
  6826 | D:9      | Found a staircase to the Orcish Mines.
  7184 | D:9      | Found a roughly hewn altar of Beogh.
  7223 | D:9      | Reached XP level 10. HP: 49/79 MP: 14/14
  7367 | D:9      | Reached skill level 1 in Long Blades
  7840 | D:10     | Entered Level 10 of the Dungeon
  8129 | D:10     | Found a runed translucent gate.
  8129 | D:10     | Found a runed translucent gate.
  8129 | D:10     | Found a runed translucent gate.
  8130 | D:10     | Found an opulent altar of Gozag.
  8131 | D:10     | Noticed Oravi's ghost (novice VSHu)
  8132 | D:10     | Noticed an orc warlord
  8147 | D:10     | Noticed Grum
  8158 | D:10     | Killed Grum
  8363 | D:11     | Found a glowing golden altar of the Shining One.
  8406 | D:11     | Reached skill level 8 in Fighting
  8864 | D:11     | Noticed a six-headed hydra
  8893 | D:11     | Killed a six-headed hydra
  9415 | D:11     | Noticed a cyclops
  9428 | D:11     | Killed a cyclops
  9437 | D:11     | Reached XP level 11. HP: 47/87 MP: 15/15
  9611 | D:11     | Reached *** piety under Ashenzari
  9619 | D:11     | Noticed Erolcha
  9631 | D:11     | Killed Erolcha
  9774 | D:12     | Reached skill level 5 in Shields
 10317 | D:12     | Noticed Josephine
 10328 | D:12     | Killed Josephine
 10331 | D:12     | Reached skill level 5 in Long Blades
 10755 | D:12     | Reached skill level 9 in Fighting
 10963 | D:13     | Noticed a red ugly thing
 10972 | D:13     | Killed a red ugly thing
 11356 | D:13     | Noticed a deep elf mage
 11362 | D:13     | Killed a deep elf mage
 11688 | D:14     | Reached **** piety under Ashenzari
 11700 | D:14     | Reached XP level 12. HP: 95/95 MP: 17/17
 11795 | D:14     | Found a runed translucent gate.
 11845 | D:14     | Noticed an ice dragon
 11862 | D:14     | Noticed Ficoysum's ghost (journeyman GnWn)
 11863 | D:14     | Identified the ring of the Fool {Fire +Inv Dex+7}
 11863 | D:14     | Noticed a frost giant
 11892 | D:14     | Found a runed translucent gate.
 11892 | D:14     | Found a runed translucent gate.
 12611 | D:14     | Reached skill level 10 in Crossbows
 12972 | D:14     | Reached skill level 1 in Dodging
 13108 | D:14     | Found a gate to the Vaults.
 13108 | D:14     | Noticed a vault guard
 13108 | D:14     | Noticed a vault guard
 13142 | D:14     | Killed a vault guard
 13146 | D:14     | Killed a vault guard
 13146 | D:14     | Reached skill level 10 in Fighting
 13376 | D:14     | Noticed a two-headed ogre
 13385 | D:14     | Killed a two-headed ogre
 13788 | D:14     | Gained mutation: You are in touch with the powers of death.
                  | [Mummy growth]
 13788 | D:14     | Reached XP level 13. HP: 80/103 MP: 18/18
 14074 | D:15     | Entered Level 15 of the Dungeon
 14825 | D:15     | Identified Roxanne's Incunabulum of Stones
 14825 | D:15     | Noticed Roxanne
 15271 | D:15     | Noticed Louise
 15277 | D:15     | Cast into level 2 of the Abyss (Louise)
 15284 | Abyss:2  | Got the uncursed buckler "Qafesooq" {Regen+}
 15297 | D:15     | Escaped the Abyss
 15313 | D:15     | Killed Louise
 15352 | D:15     | Identified the +2 buckler "Qafesooq" {Regen+} (You found it
                  | on level 2 of the Abyss)
 15615 | D:15     | Found a staircase to the Depths.
 15636 | D:15     | Reached skill level 5 in Armour
 15644 | Depths:1 | Entered Level 1 of the Depths
 15644 | Depths:1 | Noticed a tengu reaver
 15844 | D:15     | Noticed Jorgrun
 16180 | D:15     | Killed Jorgrun
 16180 | D:15     | Reached skill level 5 in Dodging
 16916 | D:15     | Killed Roxanne
 17134 | Lair:1   | Entered Level 1 of the Lair of Beasts
 17159 | Lair:1   | Reached XP level 14. HP: 111/111 MP: 20/20
 17539 | Lair:1   | Reached ***** piety under Ashenzari
 18057 | Lair:2   | Got the cursed leather armour of Wu Jian's Hope {rC++}
 18899 | Lair:3   | Found a staircase to the Shoals.
 18957 | Lair:3   | Found a hole to the Spider Nest.
 19944 | Lair:4   | Reached skill level 11 in Fighting
 20683 | Lair:5   | Identified the cursed +0 leather armour of Wu Jian's Hope
                  | {rC++} (You found it on level 2 of the Lair of Beasts)
 21102 | Lair:6   | Entered Level 6 of the Lair of Beasts
 21595 | Lair:6   | Found a runed translucent door.
 21596 | Lair:6   | Found a viscous altar of Jiyva.
 21596 | Lair:6   | Noticed an acid blob
 21598 | Lair:6   | Found a staircase to the Slime Pits.
 21632 | Lair:6   | Reached ****** piety under Ashenzari
 21871 | Lair:6   | Found a runed translucent door.
 22019 | Lair:6   | Reached skill level 10 in Long Blades
 22019 | Lair:6   | Reached XP level 15. HP: 74/119 MP: 21/21
 23196 | Orc:1    | Entered Level 1 of the Orcish Mines
 23719 | Orc:2    | Entered Level 2 of the Orcish Mines
 23872 | Orc:2    | Noticed Saint Roka
 24232 | Orc:1    | Killed Saint Roka
 24718 | Orc:2    | Noticed an orc warlord
 24758 | Orc:2    | Killed an orc warlord
 24820 | Orc:2    | Found Uteh's Assorted Antiques.
 24820 | Orc:2    | Found Pepsuf's Food Boutique.
 24843 | Orc:2    | Found a staircase to the Elven Halls.
 24893 | Orc:2    | Found Teylaed's General Store.
 24898 | Orc:2    | Found Rehyg's Assorted Antiques.
 24900 | Orc:2    | Bought a scroll of teleportation for 75 gold pieces
 24900 | Orc:2    | Bought a scroll of identify for 50 gold pieces
 24900 | Orc:2    | Bought a scroll of blinking for 187 gold pieces
 24900 | Orc:2    | Bought a wand of disintegration (11) for 100 gold pieces
 24902 | Orc:2    | Bought a runed opal ring for 180 gold pieces
 24910 | Orc:2    | Bought a scroll of identify for 24 gold pieces
 24914 | Orc:2    | Bought 3 silver javelins for 86 gold pieces
 25397 | Orc:2    | Bought a wand of flame (14) for 96 gold pieces
 25405 | Orc:2    | Bought a scroll of teleportation for 108 gold pieces
 25405 | Orc:2    | Bought a sack of spiders for 720 gold pieces
 25405 | Orc:2    | Bought a wand of flame (20) for 36 gold pieces
 25405 | Orc:2    | Bought a scroll of magic mapping for 126 gold pieces
 25405 | Orc:2    | Bought 3 scrolls of identify for 216 gold pieces
 25405 | Orc:2    | Bought a scroll of identify for 72 gold pieces
 25653 | D:3      | Killed Elizilla's ghost
 25871 | D:9      | Killed an orc warlord
 25882 | D:10     | Killed Oravi's ghost
 26313 | Spider:1 | Entered Level 1 of the Spider Nest
 26358 | Spider:1 | Noticed a ghost moth
 26375 | Spider:1 | Killed a ghost moth
 26559 | Spider:1 | Reached XP level 16. HP: 123/127 MP: 23/23
 27538 | Spider:2 | Reached skill level 12 in Fighting
 27854 | Spider:2 | Identified the +2 large shield of Cheibriados's Whim {*Slow
                  | rN+++ MP-9 Int+8}
 28751 | Spider:3 | Noticed Arachne
 28787 | Spider:2 | Killed Arachne
 29006 | Spider:3 | Reached skill level 10 in Evocations
 29597 | Spider:4 | Entered Level 4 of the Spider Nest
 29676 | Spider:4 | Found a frozen archway.
 29693 | IceCv    | Entered an ice cave
 30602 | IceCv    | Mangled by an iron troll simulacrum

Levels and vault maps discovered:
D:1:      minmay_arrival_four_loops, layout_loops_ring
D:2:      layout_rooms
D:3:      layout_loops_corners, serial_bayou, serial_bayou_crossing,
          serial_bayou_lagoon_a, serial_bayou_pond_c, serial_bayou_ford_a,
          gammafunk_ghost_split, uniq_robin
D:4:      layout_rooms, minmay_temple_entry_tees, first_ration
D:5:      layout_rooms, serial_shops, shop
D:6:      layout_loops_ring, grunt_temple_overflow_growth_and_decay,
          serial_shops, kennysheep_little_box, fountainhead,
          grunt_nemelex_the_gamble, uniq_menkaure
D:7:      layout_loops_cross, minmay_overflow_temple_star_hex
D:8:      layout_basic, lair_entry_dummy, basic_altar
D:9:      minmay_goldmine, layout_rooms, minmay_orc_entry_temple_small,
          enter_bailey_2
D:10:     layout_cave_pools, ebering_ghost_gozag, uniq_grum
D:11:     layout_rooms, basic_altar, hangedman_abyss_or_decor_lesser_grid,
          uniq_erolcha
D:12:     layout_basic, grunt_decor_clamped, uniq_josephine
D:13:     layout_rooms
D:14:     layout_small_grid, grunt_vaults_entry_tiered, gammafunk_ghost_icy,
          grunt_decor_cap, grunt_ogre_cave
D:15:     gammafunk_enter_depths_forms, layout_basic, serial_bayou_pond_a,
          uniq_jorgrun, uniq_louise, uniq_roxanne
Temple:   regret_index_temple_waves
Lair:1:   layout_roguey, minmay_lair_oklob_chamber, serial_bayou_shore_b
Lair:2:   layout_concentric_octagons
Lair:3:   layout_loops_ring, minmay_shoals_entry_beasts, spider_nest_entry_a,
          st_stairs_4, eino_house_with_fridge, serial_bayou_shore_b,
          lemuel_fruit_fields, serial_bayou_shore_b, lemuel_fruit_fields
Lair:4:   layout_hall_layers, infiniplex_staircase_pool_2, serial_bayou_shore_b,
          grunt_megastairs_3
Lair:5:   layout_roguey, grunt_megastairs_5
Lair:6:   wormcave, layout_big_grid, hangedman_lair_caniforms_friends,
          slime_altar_2
Spider:1: layout_spider_delve, minivault_29
Spider:2: layout_chambers, hangedman_stitches_earthworm
Spider:3: layout_spider_delve, drop_trap, uniq_arachne
Spider:4: floodkiller_spider_rune_tomb, portal_ice_cave_entry_frozen_things,
          special_room [special_room_bee], uniq_agnes, uniq_asterion,
          uniq_bai_suzhen
Orc:1:    layout_diamond_mine
Orc:2:    st_orc_elflike, layout_diamond_mine, uniq_saint_roka
Depths:1: evilmike_cross, layout_cave_shapes, pf_hell_entry_great_geh,
          kennysheep_donut, abyss_entry_small_statue_room,
          grunt_pan_entry_spiral, kennysheep_decorative_pillar,
          grunt_ministairs_9, hangedman_abyss_or_decor_slice, drop_trap,
          grunt_megastairs_4
IceCv:    ice_cave_caverns_01

Skill      XL: |  1  2  3  4  5  6  7  8  9 10 11 12 13 14 15 16 |
---------------+-------------------------------------------------+-----
Crossbows      | 2 3 4 5 7 8 9 10 | 10.0
Fighting       | 3 4 5 6 7 8 9 10 11 12 | 12.4
Evocations     | 2 3 4 5 6 7 8 9 10 | 10.1
Shields        | 2 4 6 7 8 9 |  9.7
Long Blades    | 3 6 7 8 10 11 | 11.9
Armour         | 3 5 7 8 9 |  9.6
Dodging        | 3 5 7 8 9 |  9.5
Axes           | |  1.5
Throwing       | |  1.0

Action                   |  1- 3 |  4- 6 |  7- 9 | 10-12 | 13-15 | 16-18 || total
-------------------------+-------+-------+-------+-------+-------+-------++-------
Melee: Scimitar          |       |       |    50 |   747 |  1353 |   587 ||  2737
       Dagger            |       |       |    25 |       |       |       ||    25
       War axe           |       |       |     3 |       |       |       ||     3
 Fire: Hand crossbow     |    89 |   197 |   244 |    26 |   410 |   250 ||  1216
Throw: Dart              |       |       |    20 |       |       |       ||    20
       Javelin           |       |       |       |    12 |     1 |       ||    13
Invok: Curse Item        |       |     4 |       |     4 |     3 |       ||    11
Evoke: Wand              |       |     2 |     9 |    12 |     1 |    10 ||    34
       Lightning rod     |       |       |       |     3 |    16 |     2 ||    21
       Sack of spiders   |       |       |       |       |     2 |       ||     2
       Fan of gales      |       |       |       |       |     1 |     1 ||     2
       Phantom mirror    |       |       |       |       |     1 |       ||     1
  Use: Scroll            |       |       |     7 |    14 |    15 |     2 ||    38
 Stab: Distracted        |       |       |       |       |     1 |       ||     1
Armor: Ring mail         |    15 |    27 |       |       |       |       ||    42
       Plate armour      |       |     7 |   115 |   232 |   745 |   473 ||  1572
       Chain mail        |       |       |    41 |   187 |       |       ||   228
Dodge: Dodged            |    27 |    73 |   130 |   317 |   786 |   529 ||  1862
Block: Buckler           |       |       |    13 |   159 |   628 |   359 ||  1159
       Rpst.: Scimitar   |       |       |    11 |    92 |   163 |    85 ||   351
